AoeStats
← [La14]FerMar

Oasis

507868165Analyzed
4v4 RM · 13d ago on Sep 20, 2026· 50m 36s· 8 players
Game mode
Random Map
Map size
Large (8 player)
Population
200
Speed
Normal
Resources
Standard
Victory
Conquest
Starting age
Dark Age
Ending age
Imperial Age
RankedLock teamsTeams togetherTeam positionsShared explorationLock speedFull tech treeHidden civsTurbo modeCheats
Victory
Defeat
🇨🇳 Poles · China
1219
+16
🇺🇸 Vietnamese · United States
1188
+17
🇨🇭 Magyars · Switzerland
1184
+17
🇹🇷 Romans · Türkiye
1183
+17
🇨🇴 Lithuanians · Colombia
1460
-27
🇦🇷 Saracens · Argentina
1201
-16
🇦🇷 Magyars · Argentina
1116
-32
🇦🇷 Persians · Argentina
1074
-11
iamjhing
8:08 Loom
10:13 Feudal Age
10:51 Double-Bit Axe
17:06 Fletching
23:47 Castle Age
23:01 Padded Archer Armor
23:05 Gold Mining
24:08 Crossbowman
24:45 Bodkin Arrow
25:32 Bow Saw
26:44 Wheelbarrow
29:00 Ballistics
37:34 Imperial Age
35:34 Thumb Ring
38:41 Bracer
38:17 Arbalester
40:35 Chemistry
46:45 Leather Archer Armor
optional_cookie
8:56 Feudal Age
10:49 Double-Bit Axe
10:45 Horse Collar
17:03 Bloodlines
23:53 Castle Age
23:29 Scale Barding Armor
25:16 Bow Saw
25:07 Heavy Plow
28:00 Chain Barding Armor
40:10 Wheelbarrow
43:51 Imperial Age
44:32 Cavalier
45:28 Hand Cart
44:59 Loom
45:56 Paladin
46:37 Husbandry
49:11 Plate Barding Armor
50:41 Husbandry
logibll777
10:51 Feudal Age
15:01 Castle Age
13:08 Double-Bit Axe
13:39 Horse Collar
16:04 Loom
19:26 Town Watch
21:16 Forging
22:29 Wheelbarrow
24:11 Bow Saw
25:14 Hand Cart
28:19 Ballistics
28:01 Stone Mining
28:05 Gold Mining
29:46 Scale Barding Armor
30:51 Husbandry
31:03 Bloodlines
35:45 Imperial Age
36:14 Heavy Scorpion
37:51 Iron Casting
37:16 Scale Mail Armor
37:54 Gold Shaft Mining
37:04 Pikeman
38:34 Squires
38:09 Halberdier
40:08 Ballistas
42:04 Conscription
43:14 Capped Ram
45:11 Blast Furnace
44:27 Chain Mail Armor
45:18 Chemistry
44:24 Siege Engineers
43:55 Man-at-Arms
44:32 Siege Ram
47:10 Comitatenses
47:19 Long Swordsman
redwolfliu
10:52 Feudal Age
11:46 Double-Bit Axe
11:55 Horse Collar
13:12 Loom
15:54 Wheelbarrow
22:31 Castle Age
22:08 Stone Mining
23:47 Heavy Plow
25:07 Gold Mining
32:34 Imperial Age
30:37 Hand Cart
32:38 Fletching
32:10 Crossbowman
34:27 Conscription
34:42 Arbalester
36:34 Bodkin Arrow
37:33 Bracer
39:35 Chemistry
39:23 Padded Archer Armor
39:46 Ballistics
41:15 Thumb Ring
41:58 Leather Archer Armor
42:47 Scale Mail Armor
43:42 Squires
43:03 Pikeman
44:38 Chain Mail Armor
47:00 Bow Saw
47:25 Crop Rotation
48:39 Plate Mail Armor
48:20 Forging
51:31 Iron Casting
51:02 Scale Barding Armor
51:10 Bloodlines
El Rey Nocturno
6:37 Loom
8:55 Feudal Age
8:12 Loom
9:36 Double-Bit Axe
17:59 Forging
19:26 Wheelbarrow
23:07 Castle Age
21:36 Scale Barding Armor
22:02 Bloodlines
26:45 Husbandry
30:41 Chain Barding Armor
34:00 Hand Cart
37:07 Iron Casting
37:20 Fletching
46:18 Imperial Age
47:37 Plate Barding Armor
46:22 Cavalier
ROMA
10:21 Feudal Age
15:12 Castle Age
13:31 Horse Collar
13:52 Double-Bit Axe
14:55 Loom
15:47 Scale Mail Armor
15:52 Scale Barding Armor
21:31 Husbandry
22:58 Wheelbarrow
25:03 Bow Saw
26:03 Gold Mining
27:27 Bloodlines
28:16 Heavy Plow
28:46 Forging
29:16 Gold Shaft Mining
28:30 Town Watch
30:01 Hand Cart
33:18 Chain Barding Armor
37:50 Imperial Age
36:48 Iron Casting
36:35 Stone Mining
37:32 Cavalier
38:51 Plate Barding Armor
39:16 Blast Furnace
38:59 Masonry
39:27 Stone Shaft Mining
42:26 Citadels
43:26 Architecture
44:53 Hoardings
45:04 Fletching
46:48 Chemistry
47:21 Conscription
47:04 Town Patrol
47:51 Murder Holes
[La14]FerMar
7:57 Loom
10:10 Feudal Age
10:43 Double-Bit Axe
17:21 Horse Collar
19:56 Wheelbarrow
22:16 Castle Age
20:56 Gold Mining
22:55 Scale Barding Armor
23:16 Fletching
24:46 Bloodlines
24:36 Husbandry
24:59 Chain Barding Armor
26:14 Bow Saw
31:32 Stone Mining
41:14 Imperial Age
39:56 Masonry
40:09 Ballistics
41:49 Corvinian Army
42:08 Bodkin Arrow
42:51 Conscription
43:27 Heavy Plow
44:23 Hoardings
43:49 Cavalier
44:30 Town Watch
46:26 Plate Barding Armor
46:44 Bracer
47:48 Chemistry
47:38 Elite Skirmisher
49:56 Crossbowman
50:43 Thumb Ring
[La14] Monarca Yupanqui
2:16 Loom
9:56 Feudal Age
10:29 Double-Bit Axe
34:34 Castle Age
34:37 Crossbowman
35:48 Bow Saw
40:40 Fletching
Connection lost

Rejoining the realm…

Still unreachable

The connection could not be restored.

Session expired

The server has moved on; the page needs a fresh start.